 Dungeon Crawl Stone Soup version 0.18.1-50-g88ac8fd (webtiles) character file.

1015 go0n the Skirmisher (level 8, -9/51 HPs)
             Began as a Gargoyle Monk on Sept 25, 2016.
             Was a Believer of Qazlal.
             Mangled by a hill giant
             ... wielding a +0 giant club
              (30 damage)
             ... on level 5 of the Dungeon.
             The game lasted 00:14:30 (4320 turns).

go0n the Skirmisher (Gargoyle Monk)                 Turns: 4320, Time: 00:14:31

Health: -9/51      AC: 13    Str: 17    XL:     8   Next: 21%
Magic:  8/8        EV: 13    Int: 11    God:    Qazlal [**....]
Gold:   169        SH:  2    Dex: 12    Spells: 0 memorised, 7 levels left

rFire  . . .     SeeInvis .     m - +1 short sword (flame)
rCold  . . .     Gourm    .     e - +0 ring mail
rNeg   + . .     Faith    .     (no shield)
rPois  ∞         Spirit   .     (no helmet)
rElec  +         Dismiss  .     (no cloak)
rCorr  .         Reflect  .     l - +2 pair of gloves
SustAt .         Harm     .     (no boots)
MR     .....                    (no amulet)
Stlth  +.........               (no ring)
                                (no ring)

@: not resistant to hostile enchantments, very unstealthy
A: negative energy resistance 1, electricity resistance, unbreathing,
petrification resistance, rot immunity, AC +5
a: Upheaval, Renounce Religion


You were on level 5 of the Dungeon.
You worshipped Qazlal.
Qazlal was pleased with you.
You were not hungry.

You visited 1 branch of the dungeon, and saw 5 of its levels.

You collected 169 gold pieces.

Inventory:

Hand Weapons
 c - a +0 flail of protection
 k - a +0 falchion
 m - a +1 short sword of flaming (weapon)
Missiles
 f - 5 poisoned javelins (quivered)
Armour
 a - a +0 robe
 d - a +0 cloak
 e - a +0 ring mail (worn)
 l - a +2 pair of gloves (worn)
 n - a +0 leather armour
Scrolls
 h - 2 scrolls of random uselessness
 i - 5 scrolls of identify
 j - 2 scrolls of remove curse
 o - a scroll of magic mapping {unknown}
 q - a scroll of enchant weapon {unknown}
 t - 2 scrolls of teleportation {unknown}
Books
 s - a book of Ice

   Spells                             Type                      Level
   a - Ice Form                       Ice/Transmutation            4
   b - Metabolic Englaciation         Hexes/Ice                    5
   c - Ozocubu's Refrigeration        Ice                          6
   d - Bolt of Cold                   Conjuration/Ice              6
   e - Freezing Cloud                 Conjuration/Ice/Air          6
   f - Simulacrum                     Ice/Necromancy               6
Comestibles
 b - 3 bread rations
 p - a meat ration
 r - a slice of pizza
 u - a chunk of flesh


   Skills:
 + Level 6.2 Fighting
 * Level 1.7 Maces & Flails
 + Level 6.2 Dodging
 - Level 2.9 Stealth
 - Level 4.8 Unarmed Combat


You had 7 spell levels left.
You didn't know any spells.

Dungeon Overview and Level Annotations

Branches:
Dungeon (5/15)
 Temple: D:4-7

Altars:
Fedhas
Nemelex Xobeh
Qazlal
Ru


Innate Abilities, Weirdness & Mutations

You are resistant to torment.
Your stone body is resilient (AC +5).
You are immune to poison.
You resist negative energy.
You are resistant to electric shocks.
You can survive without breathing.
You are immune to petrification.
You are immune to rotting.


Message History

You hit the hill giant. You burn the hill giant.
The hill giant is moderately wounded.
The hill giant barely misses you.
You hit the hill giant but do no damage.
The hill giant is moderately wounded.
The hill giant hits you but does no damage.
Drink which item? (? for menu, Esc to quit)
You feel better.
You barely miss the hill giant.
The hill giant is moderately wounded.
The hill giant barely misses you.
You hit the hill giant. You burn the hill giant.
The hill giant is moderately wounded.
The hill giant barely misses you.
You barely miss the hill giant.
You punch the hill giant, but do no damage.
The hill giant is moderately wounded.
The hill giant hits you with a giant club!!
Ouch! That really hurt!
You die...

######.......######..
#............# #..
#.####.......# #..
#.##########.# #..
#.##.oooo..### #..
#.#%.# #.. #.##.# #..
#.#C#### ###
#.##@#.## #.#.#.#.##
#.######.#
#.#.#.#.##..#
#..........#
############


You could see a hill giant.

Vanquished Creatures
  The ghost of Duraxyll the Ducker, an amateur MfBe of Trog (D:4)
  Eustachio (D:4)
  2 ogres (D:5)
  The ghost of simples the Ducker, an amateur SpAK of Lugonu (D:3)
  A howler monkey (D:4)
  A crimson imp (D:5)
  Crazy Yiuf (D:3)
  Jessica (D:2)
  2 worker ants (D:4)
  A worker ant zombie (D:5)
  Robin (D:2)
  4 gnolls (D:5)
  7 adders
  2 oozes
  An adder skeleton (D:4)
  3 dart slugs
  4 giant geckos
  3 orcs
  4 giant cockroaches
  13 hobgoblins
  18 jackals
  3 quokkas
  7 bats
  6 giant newts
  20 goblins
  5 kobolds (D:2)
  5 rats
118 creatures vanquished.

Notes
Turn   | Place    | Note
--------------------------------------------------------------
     0 | D:1      | go0n the Gargoyle Monk began the quest for the Orb.
     0 | D:1      | Reached XP level 1. HP: 14/14 MP: 1/1
   126 | D:1      | Reached XP level 2. HP: 19/19 MP: 2/2
   570 | D:1      | Reached XP level 3. HP: 23/23 MP: 3/3
   900 | D:2      | Noticed Robin
   941 | D:2      | Killed Robin
   945 | D:2      | Reached XP level 4. HP: 13/29 MP: 4/4
  1927 | D:2      | Reached XP level 5. HP: 25/33 MP: 5/5
  2186 | D:3      | Noticed simples's ghost (amateur SpAK)
  2195 | D:3      | Noticed Jessica
  2212 | D:2      | Killed Jessica
  2485 | D:3      | Killed simples's ghost
  2485 | D:3      | Reached XP level 6. HP: 17/39 MP: 6/6
  2494 | D:3      | Found a sacrificial altar of Ru.
  2790 | D:3      | Found a faded altar to an unknown god.
  2799 | D:3      | Found a blossoming altar of Fedhas.
  2875 | D:3      | Found a sparkling altar of Nemelex Xobeh.
  3175 | D:3      | Noticed Crazy Yiuf
  3187 | D:3      | Killed Crazy Yiuf
  3290 | D:4      | Noticed Duraxyll's ghost (amateur MfBe)
  3334 | D:4      | Killed Duraxyll's ghost
  3334 | D:4      | Reached skill level 5 in Fighting
  3334 | D:4      | Reached skill level 5 in Dodging
  3334 | D:4      | Reached XP level 7. HP: 33/44 MP: 7/7
  3589 | D:4      | Found a stormy altar of Qazlal.
  3594 | D:4      | Became a worshipper of Qazlal Stormbringer
  3594 | D:4      | Reached * piety under Qazlal
  3594 | D:4      | Reached ** piety under Qazlal
  3650 | D:4      | Noticed Eustachio
  3695 | D:4      | Killed Eustachio
  4101 | D:5      | Entered Level 5 of the Dungeon
  4125 | D:5      | Reached XP level 8. HP: 13/51 MP: 8/8
  4226 | D:5      | Reached skill level 1 in Maces & Flails
  4303 | D:5      | Noticed a hill giant
  4320 | D:5      | Mangled by a hill giant

Skill      XL: |  1  2  3  4  5  6  7  8 |
---------------+-------------------------+-----
Dodging        | 3 4 5 6 |  6.2
Fighting       | 4 5 6 |  6.2
Maces & Flails | 1 |  1.7
Stealth        | |  2.9
Unarmed Combat | |  4.8

Action                   |  1- 3 |  4- 6 |  7- 9 || total
-------------------------+-------+-------+-------++-------
Melee: Unarmed           |    96 |   165 |       ||   261
       Punch             |     1 |     5 |     1 ||     7
       Short sword       |       |   158 |   111 ||   269
Throw: Stone             |       |     1 |       ||     1
  Use: Potion            |       |     4 |     4 ||     8
       Scroll            |       |     9 |       ||     9
 Stab: Sleeping          |     1 |     5 |       ||     6
  Eat: Chunk             |       |     5 |     1 ||     6
       Beef jerky        |       |     1 |       ||     1
       Bread ration      |       |     1 |       ||     1
Armor: Robe              |    35 |    94 |       ||   129
       Ring mail         |       |    42 |    45 ||    87
Dodge: Dodged            |    61 |   222 |   119 ||   402
Block: Other             |       |       |     6 ||     6
